 Dungeon Crawl Stone Soup version 0.32-a0-933-ga8fa3634e4 (webtiles) character file.

Game seed: 17613717308844646718

8614 ezpacito the Chopper (level 11, -23/84 HPs)
             Began as a Coglin Chaos Knight on Apr 14, 2024.
             Was a Plaything of Xom.
             Annihilated by a two-headed ogre
             ... wielding a +0 giant club
              (27 damage)
             ... on level 9 of the Dungeon.
             The game lasted 00:15:56 (7717 turns).

ezpacito the Chopper (Coglin Chaos Knight)          Turns: 7717, Time: 00:15:57

Health: -23/84     AC: 13    Str: 20    XL:     11   Next: 33%
Magic:  16/16      EV: 13    Int: 11    God:    Xom [*.....]
Gold:   315        SH:  0    Dex: 13    Spells: 2/17 levels left

rFire   . . .        e - +2 war axe (venom) {Fernanda}
rCold   . . .        m - +2 quick blade (chaos) {Luis}
rNeg    . . .        y - +0 steam dragon scales
rPois   +            j - +0 helmet
rElec   .            b - +0 cloak {rPois}
rCorr   .            d - +0 pair of gloves of the gadgeteer {Gadgeteer Wandboost ^Fragile}
SInv    +            r - +1 pair of boots {Fly}
Will    .....        (amulet unavailable)
Stlth   +++          (ring unavailable)
HPRegen 0.34/turn    (ring unavailable)
MPRegen 0.15/turn    (no gizmo)

%: random rage (3%)
@: on berserk cooldown, flying, slowed, revved, very slow
A: off-hand wielding, slow wielding, warmup strikes, no jewellery, see
invisible, berserk 1, poison resistance, shaggy fur 1, strong 1, wild magic 2
a: Invent Gizmo, Renounce Religion


You were on level 9 of the Dungeon.
You worshipped Xom.
You were a special plaything of Xom.
You visited 2 branches of the dungeon, and saw 10 of its levels.

You collected 464 gold pieces.
You spent 149 gold pieces at shops.

Inventory:

Hand Weapons
 a - a +0 hand axe of chaos {Æthelred}
 e - a +2 war axe of venom (weapon) {Fernanda}
 h - a +4 trident of draining
 m - a +2 quick blade of chaos (offhand) {Luis}
 o - a +3 hand axe
Missiles
 c - 10 poisoned darts (quivered)
 u - 2 boomerangs
Armour
 b - a +0 cloak of poison resistance (worn)
 d - the +0 pair of gloves of the gadgeteer (worn) {Gadgeteer Wandboost ^Fragile}
   (You acquired it on level 8 of the Dungeon)

   Gadgeteer: Your evocable items recharge 30% faster and wands have a 30%
   chance to not spend a charge.
   Wandboost: Your wands are more powerful.
   ^Fragile:  It will be destroyed if unequipped.
 j - a +0 helmet (worn)
 r - a +1 pair of boots of flying (worn)
 w - a +0 plate armour
 y - +0 steam dragon scales (worn)
Magical Staves
 A - a staff of conjuration
Talismans
 x - a serpent talisman
Wands
 k - a wand of mindburst (6)
 t - a wand of paralysis (2)
 z - a wand of polymorph (3)
Scrolls
 f - 3 scrolls of noise
 s - a scroll of revelation
 v - 2 scrolls of amnesia
Potions
 g - a potion of cancellation {unknown}
 i - a potion of magic {unknown}
 l - 3 potions of lignification
 n - a potion of enlightenment
 p - 2 potions of brilliance
 q - a potion of attraction


   Skills:
 * Level 7.1 Fighting
 + Level 3.9 Short Blades
 * Level 7.1(8.3) Axes
 * Level 5.8(7.2) Polearms
 * Level 6.3 Armour
 * Level 5.8 Dodging
 + Level 4.1 Stealth
 + Level 3.5 Spellcasting
 + Level 1.6 Conjurations
 + Level 1.7 Necromancy
 + Level 1.8 Alchemy
 + Level 4.7 Evocations


You had 2 spell levels left.
You knew the following spells:

 Your Spells              Type           Power      Damage    Failure   Level
a - Anguish               Hex/Necr       3%         N/A       95%         4
b - Curse of Agony        Necr           9%         N/A       99%         5
c - Fugue of the Fallen   Necr           9%         N/A       54%         3
x - Mephitic Cloud        Conj/Alch/Air  7%         N/A       61%         3

Your spell library contained the following spells:

 Spells                   Type           Power      Damage    Failure   Level
 Slow                     Hex            12%        N/A       43%         1
 Ensorcelled Hibernation  Hex/Ice        6%         N/A       54%         2
 Dazzling Flash           Conj/Hex       12%        N/A       65%         3
 Inner Flame              Hex/Fire       3%         N/A       75%         3
 Sigil of Binding         Hex            3%         N/A       75%         3
 Swiftness                Air            3%         N/A       75%         3
 Dimensional Bullseye     Hex/Tloc       1%         N/A       98%         4
 Silence                  Hex/Air        1%         N/A       100%        5


Dungeon Overview and Level Annotations

Branches:
Dungeon (9/15)             Temple (1/1) D:5
   Lair: D:8-11         Orc: D:9-12

Altars:
Ashenzari
Cheibriados
Dithmenos
Elyvilon
Fedhas
Hepliaklqana
Kikubaaqudgha
Makhleb
Nemelex Xobeh
Okawaru
Qazlal
Ru
Sif Muna
Trog
Uskayaw
Vehumet
Wu Jian
Xom
Yredelemnul
Zin
The Shining One

Shops:
D:4 [   D:5 (   D:7 :


Innate Abilities, Weirdness & Mutations

You can wield a second weapon in your off-hand.
It takes a long time for you to wield or remove held weapons.
Your first few attacks do less damage.
You cannot equip rings or amulets.
You have supernaturally acute eyesight. (SInv)
You sometimes lose your temper in combat.
Your system is resistant to poisons. (rPois)
You are covered in fur. (AC +1)
Your muscles are strong. (Str +4, Int/Dex -1)
Your spells are harder to cast, but more powerful.


Message History

You hit the two-headed ogre with your +2 quick blade of chaos.
The two-headed ogre shakes off its lethargy.
The two-headed ogre flies into a frenzy!
You hit the two-headed ogre with your +2 quick blade of chaos.
The two-headed ogre is moderately wounded.
You slash the two-headed ogre with your +2 war axe of venom!
The two-headed ogre is poisoned.
The two-headed ogre hits you with a +0 giant club!!
* * * LOW HITPOINT WARNING * * *
The two-headed ogre misses you.
You take 32 damage, and have 22/84 hp.
MASSIVE DAMAGE!!
Okay, then.
Okay, then.
Aiming: Mindburst
Press: ? - help, Shift-Dir - straight line, f - two-headed ogre
Aim: a two-headed ogre, wielding two +0 giant clubs (heavily wounded, fast, strong, frenzied and wild, very poisoned, lightly drained, chance to affect: 76%)
Okay, then.
Aiming: Paralyse
Press: ? - help, Shift-Dir - straight line, f - two-headed ogre
Aim: a two-headed ogre, wielding two +0 giant clubs (heavily wounded, fast, strong, frenzied and wild, very poisoned, lightly drained, chance to affect: 51%)
The two-headed ogre resists with significant effort.
The two-headed ogre closely misses you.
The two-headed ogre hits you but does no damage.
The two-headed ogre hits you with a +0 giant club!!
* * * LOW HITPOINT WARNING * * *
The two-headed ogre closely misses you.
You take 19 damage, and have 3/84 hp.
MASSIVE DAMAGE!!
Aiming: Paralyse
Press: ? - help, Shift-Dir - straight line, f/p - two-headed ogre
Aim: a two-headed ogre, wielding two +0 giant clubs (heavily wounded, fast, strong, frenzied and wild, very poisoned, lightly drained, chance to affect: 51%)
The two-headed ogre resists with significant effort.
The two-headed ogre misses you.
The two-headed ogre hits you but does no damage.
You hit the two-headed ogre with your +2 quick blade of chaos.
You closely miss the two-headed ogre with your +2 quick blade of chaos.
The two-headed ogre is severely wounded.
You hit the two-headed ogre with your +2 war axe of venom.
The two-headed ogre hits you with a +0 giant club!!
You die...
Xom guffaws!

.......#..#
.......##.#
........'.#
........#.#
........#.#
#########.#
......††####+##+###+##
......................
..............@O......
.........†............
......................
......................
......................
......................
......################
..... ...


You could see a neutral two-headed ogre (fast, strong, frenzied, very poisoned,
drained).

Vanquished Creatures
  Erica (D:9)
  The ghost of JeszeEnbee the Toxicologist, a novice MfAl of Gozag (D:7)
  Maurice (D:8)
  Joseph (D:8)
  A gargoyle (D:9)
  Maggie (D:7)
  A hornet (D:8)
  Grinder (D:6)
  Sigmund (D:2)
  10 yaks (D:9)
  3 steam dragons
  Grum (D:8)
  A water moccasin (D:5)
  Duvessa (D:7)
  4 ice beasts
  A swamp drake (D:2)
  3 sky beasts (D:7)
  3 wolves (D:8)
  3 ogres
  2 centaurs
  A kobold brigand (D:8)
  2 bullfrogs
  3 scorpions
  5 wights (D:6)
  Dowan (D:7)
  4 killer bees
  2 howler monkeys
  A bombardier beetle (D:7)
  3 hounds
  Crazy Yiuf (D:3)
  A gnoll bouda (D:8)
  A jelly (D:4)
  2 orc priests
  Jessica (D:3)
  Ijyb (D:4)
  3 iguanas
  An orc wizard (D:7)
  Robin (D:4)
  5 gnolls (D:8)
  12 adders
  A white imp (D:6)
  A ribbon worm (D:2)
  3 dart slugs
  14 orcs
  8 endoplasms
  4 giant cockroaches
  9 goblins
  6 hobgoblins
  5 jackals
  6 kobolds
  A quokka (D:1)
  7 ball pythons
  4 bats
  4 frilled lizards (D:1)
  5 rats
170 creatures vanquished.

Vanquished Creatures (collateral kills)
  Jeremiah (D:7)
  A scorpion (D:7)
  A killer bee (D:7)
  4 howler monkeys (D:7)
  2 orcs (D:7)
9 creatures vanquished.

Vanquished Creatures (others)
  A jelly (D:5)
1 creature vanquished.

Grand Total: 180 creatures vanquished

Notes
Turn   | Place    | Note
-------+----------+-------------------------------------------
     0 | D:1      | ezpacito the Coglin Chaos Knight began the quest for the
                  | Orb.
     0 | D:1      | Reached XP level 1. HP: 18/18 MP: 1/1
   280 | D:1      | Reached skill level 1 in Dodging
   383 | D:1      | Reached XP level 2. HP: 24/24 MP: 2/2
   739 | D:1      | XOM: god gift: +0 quick blade of chaos
   926 | D:2      | Reached XP level 3. HP: 29/29 MP: 3/3
   983 | D:2      | Noticed Sigmund
   987 | D:2      | XOM: scenery: create altars
   990 | D:2      | XOM: summons friendly iron imp
   992 | D:2      | Killed Sigmund
   993 | D:2      | Reached skill level 1 in Polearms
   993 | D:2      | Reached skill level 1 in Spellcasting
   993 | D:2      | Reached XP level 4. HP: 32/36 MP: 3/5
   993 | D:2      | Reached XP level 5. HP: 36/41 MP: 3/6
  1029 | D:2      | XOM: give mutations
  1029 | D:2      | Gained mutation: Your spells are a little harder to cast,
                  | but a little more powerful. [Xom's grace]
  1029 | D:2      | Gained mutation: You are resistant to electric shocks.
                  | (rElec) [Xom's grace]
  1029 | D:2      | Gained mutation: Your skin changes colour to match your
                  | surroundings (Stealth+). [Xom's grace]
  1029 | D:2      | Gained mutation: You passively dampen the noise of your
                  | surroundings. [Xom's grace]
  1224 | D:2      | XOM: give mutation
  1224 | D:2      | Gained mutation: You passively map a small area around you.
                  | [Xom's grace]
  1281 | D:2      | an adder changed into a swamp drake
  1281 | D:2      | Noticed a swamp drake
  1285 | D:2      | Lost mutation: You passively map a small area around you.
                  | [potion of mutation]
  1285 | D:2      | Lost mutation: You are resistant to electric shocks.
                  | (rElec) [potion of mutation]
  1285 | D:2      | Lost mutation: Your skin changes colour to match your
                  | surroundings (Stealth+). [potion of mutation]
  1285 | D:2      | Lost mutation: You passively dampen the noise of your
                  | surroundings. [potion of mutation]
  1285 | D:2      | Gained mutation: Your movements are slightly less
                  | encumbered by armour. (ER -2) [potion of mutation]
  1285 | D:2      | Gained mutation: Potions are less effective at restoring
                  | your health. [potion of mutation]
  1288 | D:2      | XOM: scenery: summon butterflies
  1295 | D:2      | HP: 2/42 [swamp drake (4)]
  1297 | D:2      | Killed a swamp drake
  1298 | D:2      | Reached skill level 1 in Short Blades
  1298 | D:2      | Reached skill level 1 in Stealth
  1298 | D:2      | Reached XP level 6. HP: 3/48 MP: 7/7
  1687 | D:3      | Noticed Jessica
  1692 | D:3      | Killed Jessica
  1955 | D:3      | XOM: silly message
  2060 | D:3      | Found an ornate altar of the Wu Jian Council.
  2176 | D:3      | XOM: cloud trail
  2350 | D:3      | XOM: silly message
  2420 | D:3      | Found a runed translucent door.
  2421 | D:3      | Noticed Crazy Yiuf
  2428 | D:3      | Killed Crazy Yiuf
  2503 | D:4      | Reached XP level 7. HP: 52/54 MP: 8/8
  2595 | D:4      | Lost mutation: Potions are less effective at restoring your
                  | health. [potion of mutation]
  2595 | D:4      | Lost mutation: Your movements are slightly less encumbered
                  | by armour. (ER -2) [potion of mutation]
  2595 | D:4      | Gained mutation: You are frail. (-10% HP) [potion of
                  | mutation]
  2595 | D:4      | Gained mutation: You passively map a small area around you.
                  | [potion of mutation]
  2596 | D:4      | Lost mutation: You are frail. (-10% HP) [potion of
                  | mutation]
  2596 | D:4      | Lost mutation: You passively map a small area around you.
                  | [potion of mutation]
  2596 | D:4      | Gained mutation: You occasionally lose the ability to read
                  | scrolls when taking damage. [potion of mutation]
  2596 | D:4      | Gained mutation: You are frail. (-10% HP) [potion of
                  | mutation]
  2685 | D:4      | Noticed Robin
  2686 | D:4      | Noticed Ijyb
  2690 | D:4      | Killed Ijyb
  2693 | D:4      | Killed Robin
  2781 | D:4      | Lost mutation: You occasionally lose the ability to read
                  | scrolls when taking damage. [potion of mutation]
  2781 | D:4      | Lost mutation: You are frail. (-10% HP) [potion of
                  | mutation]
  2781 | D:4      | Gained mutation: You have supernaturally acute eyesight.
                  | (SInv) [potion of mutation]
  2781 | D:4      | Gained mutation: Your system is resistant to poisons.
                  | (rPois) [potion of mutation]
  2781 | D:4      | Gained mutation: You sometimes lose your temper in combat.
                  | [potion of mutation]
  2852 | D:4      | Found Geomuf's Armour Shoppe.
  2855 | D:4      | Bought a +0 pair of boots of flying for 149 gold pieces
  3313 | D:4      | Found a bloodstained altar of Trog.
  3313 | D:4      | Found a hide-covered altar of Uskayaw.
  3321 | D:4      | Found a faded altar of an unknown god.
  3323 | D:4      | Found a radiant altar of Vehumet.
  3325 | D:4      | Found a faded altar of an unknown god.
  3477 | D:4      | XOM: divination: detect items
  3532 | D:5      | Entered Level 5 of the Dungeon
  3609 | D:5      | Found Nomin's Weapon Boutique.
  3617 | D:5      | Reached XP level 8. HP: 59/61 MP: 10/10
  3644 | D:5      | Found a shimmering altar of Xom.
  3710 | D:5      | Found a staircase to the Ecumenical Temple.
  3719 | Temple   | Entered the Ecumenical Temple
  4059 | D:5      | Found a hazy altar of Hepliaklqana.
  4060 | D:5      | Found a glowing silver altar of Zin.
  4122 | D:6      | Noticed Grinder
  4126 | D:6      | Paralysed by Grinder for 3 turns
  4137 | D:6      | Killed Grinder
  4138 | D:6      | Reached skill level 1 in Evocations
  4272 | D:6      | Reached skill level 5 in Fighting
  4274 | D:6      | Reached skill level 5 in Axes
  4346 | D:6      | XOM: 3-stop teleportation journey
  4369 | D:6      | Reached XP level 9. HP: 61/68 MP: 12/12
  4468 | D:6      | Found a blossoming altar of Fedhas.
  4686 | D:6      | XOM: 3-stop teleportation journey
  4945 | D:6      | XOM: summons 3 hostile shadow creatures
  5244 | D:7      | Noticed Dowan
  5249 | D:7      | Killed Dowan
  5250 | D:7      | Noticed Duvessa
  5256 | D:7      | Killed Duvessa
  5281 | D:7      | XOM: scenery: summon butterflies
  5396 | D:7      | Found Caxkeh's Book Shoppe.
  5404 | D:7      | Noticed Jeremiah
  5449 | D:7      | Killed Jeremiah
  5450 | D:7      | Reached skill level 5 in Armour
  5530 | D:7      | XOM: god gift: runed mace {god gift}
  5678 | D:7      | Reached XP level 10. HP: 76/76 MP: 14/14
  5725 | D:7      | Identified a scroll of acquirement
  5755 | D:7      | Found a runed translucent gate.
  5755 | D:7      | Found a runed translucent gate.
  5755 | D:7      | Found a runed translucent gate.
  5760 | D:7      | Noticed JeszeEnbee's ghost (novice MfAl)
  5763 | D:7      | Found a shadowy altar of Dithmenos.
  5913 | D:7      | Noticed Maggie
  5927 | D:7      | Killed Maggie
  6186 | D:7      | XOM: god gift: Forpheu's Directory of Nebulous Signs {god
                  | gift}
  6191 | D:7      | Killed JeszeEnbee's ghost
  6192 | D:7      | Reached skill level 5 in Polearms
  6192 | D:7      | Reached skill level 5 in Dodging
  6202 | D:7      | Got Forpheu's Directory of Nebulous Signs {god gift}
  6248 | D:7      | Learned a level 3 spell: Mephitic Cloud
  6253 | D:7      | Learned a level 4 spell: Anguish
  6259 | D:7      | Learned a level 5 spell: Curse of Agony
  6263 | D:7      | Learned a level 3 spell: Fugue of the Fallen
  6308 | D:8      | XOM: 2-stop teleportation journey
  6309 | D:8      | Found an ancient bone altar of Kikubaaqudgha.
  6311 | D:8      | Noticed Maurice
  6335 | D:8      | Paralysed by a hornet for 1 turns
  6340 | D:8      | XOM: potion effect (invisibility)
  6358 | D:8      | Maurice stole a serpent talisman
  6359 | D:8      | Maurice stole 2 boomerangs
  6360 | D:8      | Maurice stole a +0 hand axe of chaos {Æthelred}
  6361 | D:8      | Maurice stole 70 gold
  6361 | D:8      | Maurice stole 178 gold
  6367 | D:8      | Killed Maurice
  6557 | D:8      | XOM: scenery: create altars
  6570 | D:8      | Noticed Grum
  6577 | D:8      | Killed Grum
  6662 | D:8      | XOM: summons 6 hostile demons
  6663 | D:8      | Noticed a soul eater
  6684 | D:8      | HP: 3/77 [soul eater[Xom] (3)]
  6957 | D:8      | Noticed Joseph
  6966 | D:8      | Killed Joseph
  6967 | D:8      | Reached skill level 1 in Conjurations
  6967 | D:8      | Reached skill level 1 in Necromancy
  6967 | D:8      | Reached skill level 1 in Alchemy
  7028 | D:8      | XOM: give mutations
  7028 | D:8      | Gained mutation: Your spells are harder to cast, but more
                  | powerful. [Xom's grace]
  7028 | D:8      | Gained mutation: You are covered in fur. (AC +1) [Xom's
                  | grace]
  7028 | D:8      | Gained mutation: Your muscles are strong. (Str +4, Int/Dex
                  | -1) [Xom's grace]
  7116 | D:8      | XOM: silly message
  7313 | D:8      | Acquired the +0 pair of gloves of the gadgeteer {Gadgeteer
                  | Wandboost ^Fragile}
  7313 | D:8      | Found the +0 pair of gloves of the gadgeteer {Gadgeteer
                  | Wandboost ^Fragile}
  7375 | D:9      | XOM: potion effect (brilliance)
  7388 | D:9      | Reached XP level 11. HP: 20/83 MP: 15/15
  7643 | D:9      | Noticed Erica
  7647 | D:9      | Killed Erica
  7706 | D:9      | Noticed a two-headed ogre
  7715 | D:9      | HP: 3/84 [two-headed ogre/+0 giant club (20)]
  7717 | D:9      | Annihilated by a two-headed ogre

Illustrated notes

Levels and vault maps discovered:
D:1:      dpeg_arrival_simpleton_b, layout_basic, st_stairs_10
D:2:      layout_basic, uniq_sigmund
D:3:      layout_basic, nicolae_wu_jian_glorious_leap, minmay_cut_off,
          uniq_jessica, uniq_crazy_yiuf_cottage
D:4:      minmay_door_path, layout_basic, chequers_temple_overflow_minitemple,
          serial_shops, nicolae_shop_behind_doors, hangedman_decor_push,
          nicolae_goblin_pals
D:5:      layout_cave_pools, amcnicky_altar_gilded,
          nicolae_overflow_two_pavilions, minmay_temple_entry_slanted,
          serial_shops, shop, nicolae_tricolors
D:6:      layout_basic, mainiacjoe_overflow_concentric_impassable, uniq_grinder
D:7:      layout_rooms, grunt_dithmenos_smoke, serial_glass, glass_columns_c,
          glass_columns_a, ebering_ghost_rock_garden, serial_shops,
          nicolae_shop_peninsula, uniq_maggie, uniq_duvessa, uniq_jeremiah
D:8:      layout_rooms, mainiacjoe_overflow_chevrons, uniq_grum, uniq_maurice,
          uniq_joseph
D:9:      layout_irregular_city, uniq_erica
Temple:   minmay_freezing_vapour_temple

Skill      XL: |  1  2  3  4  5  6  7  8  9 10 11 |
---------------+----------------------------------+-----
Dodging        | 1 2 3 4 5 |  5.8
Armour         | 2 3 4 5 6 |  6.3
Polearms       | 1 2 3 4 5 |  5.8
Spellcasting   | 1 2 3 |  3.5
Short Blades   | 1 2 3 |  3.9
Stealth        | 1 2 3 4 |  4.1
Fighting       | 4 5 6 7 |  7.1
Axes           | 4 5 6 7 |  7.1
Evocations     | 2 3 4 |  4.7
Conjurations   | 1 |  1.6
Necromancy     | 1 |  1.7
Alchemy        | 1 |  1.8

Action                     |  1- 3 |  4- 6 |  7- 9 | 10-12 || total
---------------------------+-------+-------+-------+-------++-------
  Melee: Hand axe          |    41 |    37 |       |       ||    78
         Dagger            |    22 |       |       |       ||    22
         Quick blade       |    25 |   111 |   250 |   221 ||   607
         War axe           |       |    20 |   142 |   122 ||   284
  Evoke: Wand              |       |       |       |    11 ||    11
    Use: Potion            |       |     3 |     5 |     1 ||     9
         Scroll            |       |     6 |    10 |    11 ||    27
   Stab: Sleeping          |       |     4 |       |     3 ||     7
         Paralysed         |       |     4 |     1 |       ||     5
         Confused          |       |     1 |     3 |     5 ||     9
         Distracted        |       |       |     1 |       ||     1
         Held in net/web   |       |       |     1 |       ||     1
         Invisible         |       |       |       |     5 ||     5
         Petrifying        |       |       |       |     5 ||     5
         Petrified         |       |       |       |     4 ||     4
 Armour: Leather armour    |    25 |    41 |       |       ||    66
         Chain mail        |       |     3 |   102 |       ||   105
         Steam dragon scal |       |       |    27 |   105 ||   132
  Dodge: Dodged            |    23 |    33 |    76 |   103 ||   235

Table legend: (Time is in decaauts)
 A = Elapsed time spent in this place.
 B = Non-inter-level travel time spent in this place.
 C = Inter-level travel time spent in this place.
 D = Time resting spent in this place.
 E = Time spent auto-exploring this place.
 F = Levels seen in this place.
 G = Mean time per level.
                   A        B        C        D        E       F      G
               +--------+--------+--------+--------+--------+-----+--------+
         Total |   7917 |   7378 |    539 |    486 |   5478 |  10 |  791.7 |
       Dungeon |   7916 |   7378 |    538 |    486 |   5478 |   9 |  879.6 |
        Temple |      1 |      1 |      0 |      0 |      0 |   1 |    1.0 |
               +--------+--------+--------+--------+--------+-----+--------+

Top non-repeatable levels by time:
     D:6: 1159 daAuts
     D:8: 1127 daAuts
     D:4: 1081 daAuts
     D:7: 1057 daAuts
     D:2: 855 daAuts
     D:1: 821 daAuts
     D:3: 809 daAuts
     D:5: 594 daAuts
     D:9: 411 daAuts
  Temple: 1 daAuts
